Map: New Gettysburg LE

Players

EnVyUsPolt (Polt) - Winner!

  • Race: Terran Terran
  • League: Master

ShoWTimE

  • Race: Protoss Protoss
  • League: Master

Event: DreamHack ZOWIE Open Valencia 2016

VOD

Have the link to the VOD?

Description

Time

  • Played on: July 14, 2016, 1:12 p.m.
  • Length: 29:48

All games in this series

Show
View Real Time Build Order
Export as new Build Order

EnVyUsPolt Terran - Winner!

Build Orders: Reaper Expand, MMM Bio 

Get SALT Encoding   

  12  0:00  SCV  
  13  0:13  SCV  
  14  0:18  Supply Depot  
  14  0:25  SCV  
  15  0:40  SCV  
  15  0:41  Barracks  
  16  0:46  Refinery  
  16  0:52  SCV  
  17  1:04  SCV  
  18  1:16  SCV  
  19  1:28  Orbital Command  
  19  1:29  Reaper  
  20  1:41  Command Center  
  20  1:51  Supply Depot  
  20  1:53  SCV  
  21  2:01  Barracks Reactor  
  21  2:06  SCV  
  22  2:10  Barracks  
  22  2:18  SCV  
  23  2:29  Factory  
  23  2:30  SCV  
  23  2:31  Refinery  
  24  2:37  Marine x2  
  24  2:42  SCV  
  27  2:54  SCV  
  27  2:56  Orbital Command  
  27  2:57  Marine x2  
  30  3:04  Barracks Tech Lab  
  30  3:06  SCV  
  31  3:13  Starport  
  31  3:14  Widow Mine  
  33  3:20  SCV, Marine x2  
  33  3:23  SCV  
  37  3:29  Stimpack  
  37  3:32  SCV  
  38  3:35  SCV  
  38  3:38  Supply Depot  
  39  3:48  Marine x3  
  42  3:50  SCV x2  
  42  3:51  Medivac  
  42  3:53  Factory Reactor  
  46  3:56  Supply Depot  
  46  4:01  Engineering Bay  
  46  4:02  SCV x2  
  48  4:08  Supply Depot  
  48  4:12  Marine, Marauder  
  48  4:13  Marine  
  49  4:21  SCV x2  
  50  4:33  SCV  
  50  4:34  SCV  
  50  4:36  Marine x3  
  55  4:39  Refinery  
  55  4:40  Supply Depot  
  55  4:44  Missile Turret  
  55  4:46  SCV x2  
  55  4:47  Medivac  
  55  4:50  Medivac  
  61  4:54  Marine x3  
  61  4:57  Widow Mine  
  63  5:01  SCV x2  
  65  5:13  SCV x2  
  67  5:16  Marine x2, Marauder  
  71  5:25  SCV x2  
  72  5:36  Marine x2  
  72  5:37  Marine  
  72  5:38  SCV x2  
  72  5:40  Command Center  
  77  5:44  Terran Infantry Weapons Level 1  
  77  5:47  Supply Depot  
  77  5:48  Combat Shields  
  77  5:50  SCV  
  78  5:58  Starport Reactor  
  78  6:03  Barracks  
  78  6:08  SCV x2  
  80  6:18  Supply Depot x2, Barracks  
  79  6:19  Refinery  
  79  6:20  Barracks  
  79  6:23  Liberator x2  
  79  6:24  SCV x2  
  81  6:27  Marine x2, Marauder  
  84  6:37  SCV x2  
  92  6:49  SCV x2  
  94  6:54  Marine x3  
  94  6:55  Marine, Marauder  
  100  7:02  SCV x2  
  100  7:08  Fusion Core, Starport  
  102  7:09  Orbital Command  
  102  7:15  Marine x2, Barracks Reactor, Barracks Tech Lab  
  99  7:16  Marine x2, Marauder  
  99  7:18  SCV x2  
  106  7:30  SCV x2, Missile Turret  
  106  7:34  Medivac x2  
  106  7:36  Marine x2, Marauder, Concussive Shells  
  117  7:38  Marine x2  
  117  7:42  Supply Depot  
  117  7:44  Marine  
  117  7:48  Terran Infantry Armor Level 1  
  117  7:57  Barracks x2  
  117  7:58  Supply Depot, Barracks  
  117  8:04  Widow Mine  
  119  8:06  Medivac x2  
  119  8:12  Marine, Marauder  
  125  8:17  Supply Depot  
  125  8:19  Supply Depot, Marine x2  
  125  8:20  Marine x2, SCV x3  
  125  8:25  Armory  
  125  8:26  Engineering Bay  
  132  8:28  Marauder  
  115  8:43  SCV x3  
  107  8:53  Marine x3  
  107  8:54  Marine x3  
  107  8:55  SCV x3  
  109  9:00  Liberator  
  99  9:04  Marine  
  71  9:11  Liberator  
  71  9:12  SCV  
  71  9:13  SCV x2  
  74  9:32  SCV  
  74  9:33  SCV x2  
  77  9:44  SCV, Liberator  
  77  9:45  SCV x2  
  79  9:48  Terran Infantry Weapons Level 2  
  79  9:54  Liberator  
  79  9:57  SCV x3  
  82  10:00  Barracks Tech Lab x2  
  85  10:09  SCV x3  
  91  10:21  SCV x3  
  92  10:32  Marine x2, Marauder x2  
  92  10:33  Marine x5, Marauder  
  92  10:35  SCV x2  
  105  10:36  Refinery  
  105  10:41  SCV  
  104  10:52  SCV  
  104  10:53  SCV x2  
  106  11:05  SCV x3  
  106  11:11  Missile Turret  
  108  11:12  Missile Turret  
  108  11:17  SCV x3  
  110  11:29  SCV x3  
  110  11:30  Missile Turret  
  111  11:42  SCV x3  
  113  11:51  Marauder x4, Barracks Reactor  
  113  11:52  Marine x3  
  113  11:53  Liberator x2  
  124  12:00  SCV x3  
  130  12:19  SCV x3  
  130  12:21  Supply Depot  
  130  12:22  Supply Depot  
  130  12:35  Liberator  
  130  12:36  Liberator  
  130  12:48  SCV x3  
  130  12:49  Refinery  
  133  12:54  Fusion Core  
  133  12:58  Marauder, Starport  
  141  13:05  Marine x2  
  141  13:06  Marine, Marauder  
  141  13:09  Marine  
  147  13:18  Liberator x2  
  104  13:34  Starport Tech Lab  
  109  13:46  Marine x6, Marauder x3  
  119  13:49  Marine  
  115  14:03  Orbital Command  
  115  14:07  Marine x4, Marauder  
  115  14:08  Marine x2, Marauder x3  
  129  14:10  Liberator x2  
  124  14:24  Advanced Ballistics  
  130  14:36  Orbital Command  
  130  14:38  Liberator  
  124  14:52  Liberator  
  124  14:53  Liberator  
  128  15:23  Marine x6, Marauder x2  
  128  15:25  Liberator  
  138  15:35  Liberator x2  
  140  15:49  Orbital Command  
  140  15:52  SCV x2  
  146  16:04  Marine x4, Marauder x2  
  144  16:10  Marine, Marauder  
  144  16:11  Marine x2, Liberator  
  150  16:18  Liberator x2  
  93  16:56  Marine x4, Marauder x3  
  93  16:57  Marine x3  
  100  17:03  Liberator  
  100  17:04  Liberator x2  
  100  17:07  SCV  
  100  17:08  SCV x2  
  112  17:29  Missile Turret  
  112  17:31  Missile Turret  
  112  17:35  Marine x3, Marauder x2  
  119  17:39  Marine x2, Orbital Command  
  119  17:40  Marine  
  122  17:46  Liberator x3  
  120  18:04  Marine x7, Marauder x3  
  138  18:22  Marine x3  
  138  18:23  Marine x3, Marauder  
  138  18:25  Marine, Marauder x2  
  148  18:27  Missile Turret  
  147  18:36  Liberator x2  
  147  18:38  Liberator  
  147  18:40  Terran Infantry Weapons Level 3  
  148  19:18  Marine x2  
  148  19:19  Marine x4, Marauder x2  
  156  19:24  Marine x2  
  155  19:34  SCV x3  
  146  19:51  Missile Turret  
  130  20:10  Marine x7, Marauder  
  139  20:17  Marine x2  
  83  20:46  Liberator x2  
  77  20:52  Marine x4, Marauder x2, Liberator  
  77  20:53  Marine x2, Marauder x2  
  91  21:35  Marine x4, Marauder x2, Liberator  
  91  21:36  Marine x4, Liberator  
  103  21:44  SCV x3, Refinery x2  
  106  21:49  Liberator  
  112  22:21  Liberator x2  
  112  22:22  Marauder  
  114  22:23  Marine x9  
  123  22:32  Liberator  
  123  22:41  Marine  
  132  22:59  Marauder  
  132  23:00  Marine x2  
  129  23:19  Liberator  
  117  23:39  Marine x2  
  124  23:43  Marine  
  123  23:52  Marine  
  98  23:59  Marine  
  98  24:00  Marine x2  
  98  24:01  Marine  
  89  24:10  Marine  
  89  24:16  Orbital Command  
  86  24:17  Marine  
  83  24:34  Marine x2  
  83  24:35  Marine  
  84  24:58  Marine x3  
  80  25:15  Marine x2  
  80  25:16  Marine  
  81  25:33  Marine x3  
  83  25:36  Factory  
  71  25:50  Orbital Command  
  71  25:51  Marine x3  
  74  26:09  Marine x2  
  76  26:14  Barracks Tech Lab  
  74  26:21  Factory Reactor  
  74  26:22  Starport  
  74  26:27  Marine x2  
  76  26:35  Marauder  
  78  26:44  Marine  
  78  26:45  Marine  
  80  26:57  Marauder  
  82  27:02  Marine x2  
  82  27:03  Barracks  
  82  27:06  Barracks  
  82  27:08  Barracks  
  82  27:24  Supply Depot  
  82  27:25  Supply Depot  
  82  27:26  Supply Depot x2  
  82  27:29  Liberator x2  
  78  27:47  Marine x2, Marauder  
  87  27:57  Barracks Reactor  
  87  27:58  Barracks Tech Lab x2  
  84  28:30  Marine x2, Marauder x3  
  84  28:32  Medivac x2  
  94  29:00  Marine x2, Marauder  
  94  29:01  Marauder x2  
  102  29:05  Supply Depot x2  
  102  29:16  Marine  
  102  29:26  Marine  
Show
View Real Time Build Order
Export as new Build Order

ShoWTimE Protoss 

Build Orders: 1 Gate Expand, Oracle Opening, Phoenix Opening 

Get SALT Encoding   

  12  0:00  Probe (Chrono Boost)  
  13  0:11  Probe (Chrono Boost)  
  14  0:18  Pylon  
  14  0:22  Probe (Chrono Boost)  
  15  0:36  Probe (Chrono Boost), Gateway  
  15  0:42  Assimilator  
  16  0:47  Probe (Chrono Boost)  
  17  0:57  Probe (Chrono Boost)  
  18  1:08  Probe (Chrono Boost)  
  19  1:22  Nexus  
  19  1:32  Cybernetics Core  
  19  1:34  Probe (Chrono Boost)  
  20  1:41  Assimilator  
  20  1:45  Probe (Chrono Boost)  
  21  1:51  Pylon  
  21  1:55  Probe (Chrono Boost)  
  22  2:09  Adept  
  22  2:10  Mothership Core (Chrono Boost), Warp Gate  
  26  2:28  Probe (Chrono Boost)  
  27  2:34  Probe (Chrono Boost)  
  28  2:38  Probe (Chrono Boost), Stargate  
  28  2:41  Adept  
  31  2:44  Probe (Chrono Boost)  
  31  2:49  Probe (Chrono Boost)  
  33  2:53  Gateway  
  33  2:56  Probe (Chrono Boost)  
  34  3:00  Probe (Chrono Boost)  
  35  3:06  Probe (Chrono Boost)  
  35  3:10  Probe (Chrono Boost)  
  37  3:17  Oracle, Probe (Chrono Boost)  
  38  3:22  Pylon, Probe (Chrono Boost)  
  42  3:27  Probe (Chrono Boost)  
  44  3:34  Probe (Chrono Boost)  
  44  3:38  Probe (Chrono Boost)  
  45  3:46  Probe (Chrono Boost)  
  47  3:48  Probe (Chrono Boost)  
  47  3:50  Nexus  
  47  3:53  Pylon  
  47  3:57  Phoenix  
  47  3:58  Probe (Chrono Boost)  
  51  4:02  Probe (Chrono Boost)  
  52  4:10  Probe (Chrono Boost)  
  52  4:13  Probe (Chrono Boost)  
  53  4:22  Probe (Chrono Boost)  
  53  4:23  Probe (Chrono Boost)  
  55  4:25  Phoenix  
  55  4:26  Robotics Facility  
  55  4:30  Gateway  
  57  4:33  Assimilator  
  57  4:34  Probe x2 (Chrono Boost)  
  57  4:35  Assimilator  
  59  4:39  Sentry  
  59  4:43  Pylon  
  59  4:45  Probe (Chrono Boost)  
  62  4:50  Twilight Council  
  62  4:51  Forge  
  62  5:01  Probe (Chrono Boost), Phoenix  
  62  5:03  Probe (Chrono Boost)  
  62  5:05  Probe (Chrono Boost)  
  67  5:12  Probe (Chrono Boost)  
  67  5:13  Resonating Glaives  
  67  5:14  Immortal  
  69  5:15  Probe (Chrono Boost)  
  69  5:16  Probe (Chrono Boost)  
  71  5:23  Probe (Chrono Boost)  
  71  5:27  Probe (Chrono Boost)  
  71  5:28  Probe (Chrono Boost)  
  74  5:35  Adept x3, Protoss Ground Weapons Level 1, Probe (Chrono Boost)  
  81  5:39  Phoenix  
  83  5:44  Pylon  
  83  5:45  Probe (Chrono Boost)  
  83  5:46  Pylon, Probe (Chrono Boost)  
  85  5:52  Pylon  
  85  5:57  Gateway  
  85  5:59  Gateway  
  85  6:00  Immortal  
  85  6:04  Probe x2 (Chrono Boost)  
  91  6:09  Pylon  
  88  6:21  Adept x2  
  92  6:27  Pylon  
  90  6:33  Pylon, Adept  
  90  6:36  Pylon  
  92  6:45  Pylon, Observer  
  92  6:58  Pylon  
  92  6:59  Adept x2  
  92  7:00  Adept  
  97  7:03  Gateway  
  97  7:07  Gateway  
  98  7:10  Warp Prism  
  97  7:24  Protoss Ground Armor Level 1  
  97  7:27  Nexus  
  97  7:29  Pylon  
  95  7:33  Adept  
  95  7:34  Adept x4  
  101  7:39  Gateway  
  100  7:52  Blink  
  102  7:59  Probe x2 (Chrono Boost)  
  102  8:04  Stalker x3, Adept x2  
  110  8:13  Pylon  
  110  8:14  Immortal  
  114  8:20  Photon Cannon  
  114  8:23  Pylon  
  114  8:30  Adept  
  114  8:31  Adept x5  
  122  8:44  Stalker  
  122  8:47  Pylon  
  113  8:51  Stalker x4  
  113  8:52  Stalker x2  
  123  9:06  Protoss Ground Weapons Level 2, Warp Prism  
  123  9:08  Adept  
  90  9:24  Dark Shrine  
  90  9:26  Nexus  
  90  9:28  Pylon  
  90  9:38  Sentry x3  
  96  9:48  Observer  
  96  9:54  Adept  
  96  9:55  Adept x2  
  102  10:09  Adept x4  
  108  10:23  Pylon  
  108  10:27  Stalker x2  
  108  10:28  Stalker  
  113  10:40  Dark Templar x3  
  117  10:53  Stalker x2  
  117  10:56  Observer  
  116  11:03  Nexus  
  116  11:05  Pylon  
  114  11:23  Stalker x3  
  114  11:24  Stalker x3  
  124  11:26  Sentry  
  124  11:42  Probe (Chrono Boost)  
  124  11:46  Dark Templar  
  127  11:47  Dark Templar  
  127  11:50  Adept x3  
  135  12:05  Adept  
  135  12:06  Adept  
  135  12:07  Immortal  
  141  12:11  Probe (Chrono Boost)  
  141  12:12  Protoss Ground Armor Level 2, Probe x2 (Chrono Boost)  
  145  12:24  Probe (Chrono Boost)  
  145  12:35  Adept x2  
  145  12:36  Adept x5  
  157  12:40  Adept  
  159  12:46  Warp Prism  
  159  13:05  Adept x5  
  163  13:06  Adept x2  
  163  13:08  Dark Templar  
  131  13:28  Stalker  
  131  13:29  Stalker x6  
  141  13:38  Observer  
  140  14:00  Probe (Chrono Boost), Assimilator  
  140  14:01  Stalker x3, Nexus, Probe (Chrono Boost)  
  140  14:02  Assimilator, Probe (Chrono Boost)  
  147  14:03  Pylon  
  141  14:24  Stalker x5  
  141  14:29  Adept  
  151  14:36  Stalker  
  153  14:41  Assimilator  
  153  14:42  Assimilator  
  153  14:43  Probe x2 (Chrono Boost)  
  153  14:44  Probe x2 (Chrono Boost)  
  153  14:53  Adept  
  153  14:54  Adept x6  
  167  15:03  Probe x3 (Chrono Boost)  
  167  15:05  Pylon  
  160  15:19  Stalker x3  
  160  15:20  Stalker x4  
  160  15:29  Probe x2 (Chrono Boost)  
  160  15:30  Assimilator  
  160  15:35  Assimilator  
  160  15:49  Adept  
  162  15:50  Adept x7  
  172  16:21  Warp Prism  
  172  16:22  Stalker x3  
  172  16:23  Stalker x2  
  172  16:25  Stalker x3  
  106  16:55  Adept x2  
  106  16:56  Adept x6  
  106  16:57  Immortal  
  116  17:03  Phoenix  
  118  17:16  Stalker x5  
  118  17:17  Stalker x3  
  118  17:22  Gateway  
  134  17:24  Gateway  
  134  17:36  Nexus  
  134  17:38  Pylon  
  134  17:40  Adept x2  
  134  17:41  Adept x5  
  134  17:42  Adept  
  145  18:04  Dark Templar  
  145  18:05  Adept x5, Dark Templar x2  
  147  18:07  Immortal  
  157  18:18  Phoenix  
  153  18:24  Protoss Ground Weapons Level 3  
  145  18:29  Stalker x5  
  147  18:37  Stalker  
  147  18:38  Stalker x2  
  153  18:46  Immortal  
  157  18:55  Dark Templar x2  
  161  18:57  Adept x2  
  161  18:58  Adept x2  
  169  19:03  Pylon  
  169  19:05  Pylon  
  169  19:07  Dark Templar  
  171  19:13  Adept x3  
  175  19:22  Adept  
  175  19:23  Adept x3  
  180  19:28  Immortal  
  183  19:37  Stalker  
  183  19:38  Stalker x2  
  164  20:05  Adept x2, Dark Templar x3  
  160  20:19  Stalker x2  
  100  20:49  Stalker  
  100  20:50  Stalker x3  
  100  21:08  Stalker x3  
  106  21:23  Warp Prism  
  108  21:33  Nexus  
  106  21:42  Sentry x3  
  106  21:43  Adept x3  
  118  21:55  Stalker x3  
  122  22:09  Stalker x4  
  129  22:28  Adept, Dark Templar x2  
  129  22:29  Adept  
  137  22:31  Dark Templar  
  139  22:37  Adept x3  
  145  22:44  Adept  
  145  22:45  Adept  
  149  23:00  Zealot x3  
  150  23:12  Adept x3, Dark Templar x2  
  142  23:13  Adept x2  
  146  23:23  Stalker x2  
  146  23:24  Stalker  
  137  23:39  Stalker x3  
  137  23:40  Stalker x2  
  147  23:45  Pylon  
  113  24:02  Dark Templar  
  86  24:15  Stalker  
  86  24:16  Stalker x6  
  86  24:17  Stalker x2  
  86  24:52  Dark Templar  
  82  25:19  Adept x2  
  70  25:58  Adept x3  
  76  27:13  Nexus  
  74  27:28  Dark Templar  
  74  27:54  Adept x2  
  74  28:11  Dark Templar  
  71  28:28  Nexus  
  66  28:51  Nexus  
  66  29:03  Stalker  
  68  29:28  Stalker x3  
  74  29:32  Stalker  

Tags
 
Add a new tag
Caveats
  • Supply blocks, unpowered buildings, or Contaminate may cause inaccurate times.
  • Supply counts are checked every 10 seconds.